Map: [ESL] Moondance

Players

TIME (Oliveira)

  • Race: Terran Terran

DPGJieShi (Jieshi) - Winner!

  • Race: Protoss Protoss

Event: DreamHack SC2 Masters 2022 Atlanta (Online)

VOD

Have the link to the VOD?

Description

Time

  • Played on: Oct. 8, 2022, 9:03 a.m.
  • Length: 11:51

All games in this series

Show
View Real Time Build Order
Export as new Build Order

TIME Terran 

Build Orders: Banshee Rush 

Get SALT Encoding   

  12  0:00  SCV  
  13  0:12  SCV  
  14  0:17  Supply Depot  
  14  0:24  SCV  
  15  0:39  SCV  
  15  0:42  Barracks  
  16  0:44  Refinery  
  16  0:51  SCV  
  16  0:55  Refinery  
  17  1:03  SCV  
  18  1:15  SCV  
  19  1:29  Reaper, Orbital Command  
  19  1:31  Supply Depot  
  20  1:43  Factory  
  20  1:55  SCV  
  21  2:01  Reaper  
  21  2:07  SCV  
  23  2:16  Command Center  
  23  2:19  SCV  
  24  2:28  Hellion  
  26  2:31  SCV  
  26  2:34  Barracks Reactor  
  27  2:42  Starport  
  27  2:44  SCV  
  28  2:50  Supply Depot  
  28  2:51  Factory Tech Lab  
  27  2:56  SCV  
  28  3:08  SCV  
  28  3:12  Marine x2  
  31  3:17  Factory Tech Lab  
  30  3:21  SCV  
  31  3:28  Banshee, Cloaking Field  
  31  3:30  Marine x2  
  31  3:34  Bunker  
  35  3:37  SCV  
  36  3:45  Orbital Command  
  36  3:49  SCV  
  36  3:50  Siege Tank  
  36  3:55  Marine  
  41  3:56  Marine  
  41  4:01  SCV  
  43  4:10  SCV  
  43  4:11  Banshee  
  47  4:17  Supply Depot  
  47  4:18  SCV  
  47  4:22  SCV  
  49  4:30  Command Center  
  49  4:33  SCV  
  49  4:34  SCV  
  51  4:40  Siege Tank  
  51  4:42  Marine x2  
  51  4:45  SCV  
  57  4:47  SCV  
  57  4:52  Supply Depot  
  58  4:57  SCV  
  58  4:59  SCV  
  60  5:00  Marine  
  60  5:01  Marine  
  62  5:08  Barracks  
  62  5:10  Barracks  
  62  5:14  Supply Depot, SCV x2, Raven  
  66  5:19  Refinery x2  
  66  5:26  SCV x2  
  68  5:33  Engineering Bay x2  
  68  5:36  Siege Tank  
  68  5:38  SCV x2  
  73  5:42  Marine  
  73  5:44  Marine  
  73  5:46  Orbital Command  
  75  5:50  SCV  
  75  5:51  SCV  
  77  6:02  SCV, Marine  
  79  6:05  Stimpack, Barracks Tech Lab, Marine  
  79  6:06  SCV  
  79  6:10  Terran Infantry Weapons Level 1  
  81  6:11  Marine  
  81  6:12  Starport Reactor  
  81  6:13  SCV  
  81  6:14  Terran Infantry Armor Level 1  
  81  6:17  SCV  
  84  6:18  SCV  
  84  6:20  Barracks  
  84  6:21  Barracks  
  84  6:24  Supply Depot  
  85  6:25  SCV  
  85  6:26  Siege Tank  
  85  6:29  Marine x2  
  85  6:31  SCV  
  85  6:32  SCV  
  93  6:35  Combat Shield  
  93  6:39  Supply Depot  
  93  6:44  Refinery  
  93  6:45  SCV x2, Marine x2  
  93  6:46  SCV  
  98  6:47  Supply Depot  
  98  6:56  Command Center  
  98  6:58  SCV x2  
  100  7:01  Siege Tank, Marine  
  100  7:07  Medivac  
  100  7:08  Medivac  
  109  7:09  Barracks Reactor  
  109  7:10  Barracks Tech Lab  
  109  7:11  SCV x2  
  109  7:14  SCV  
  109  7:15  Marine  
  114  7:17  Marauder  
  114  7:18  Marauder  
  114  7:21  Supply Depot  
  114  7:22  Supply Depot  
  116  7:24  SCV  
  116  7:26  SCV  
  118  7:30  Concussive Shells, Marauder  
  118  7:31  SCV  
  118  7:32  Supply Depot  
  118  7:35  Marine x2  
  118  7:36  SCV, Missile Turret  
  124  7:43  Siege Tank  
  127  7:44  Missile Turret, Marauder  
  127  7:46  Marauder  
  127  7:47  SCV  
  127  7:50  Marine  
  130  7:51  Marine  
  130  7:54  Medivac x2  
  130  7:56  Marauder  
  130  7:57  Marine  
  138  8:00  Armory  
  138  8:01  SCV  
  138  8:04  Marine  
  140  8:06  SCV  
  140  8:11  Missile Turret  
  140  8:12  Marauder  
  142  8:13  Missile Turret  
  142  8:16  Marauder, Marine x2  
  142  8:17  Siege Tank  
  146  8:29  Marauder, Marine x2  
  146  8:30  Viking x2  
  146  8:34  Supply Depot x2  
  153  8:41  Marauder  
  155  8:53  Marauder  
  155  8:54  Marine x2  
  155  8:56  Siege Tank  
  155  8:57  Terran Infantry Armor Level 2  
  155  8:59  Marauder, Marine x2  
  155  9:01  SCV x3  
  155  9:02  Terran Infantry Weapons Level 2  
  165  9:05  Marine  
  166  9:11  Marine  
  166  9:15  Marauder  
  169  9:20  Ghost Academy  
  169  9:26  Marine x2  
  169  9:27  Marauder  
  168  9:33  Marine  
  168  9:34  Marauder, Marine  
  168  9:35  SCV  
  168  9:38  Marine  
  142  9:41  Planetary Fortress  
  142  9:43  SCV  
  142  9:44  Marine  
  137  9:48  Marauder, Marine  
  137  9:51  Marine  
  137  9:52  Viking x2, Enhanced Shockwaves  
  145  9:56  Marauder  
  145  9:58  Barracks  
  145  9:59  Barracks  
  147  10:00  SCV, Barracks  
  147  10:01  SCV, Missile Turret  
  147  10:02  SCV  
  150  10:08  Ghost  
  150  10:09  Marine x2  
  154  10:17  Widow Mine  
  154  10:18  SCV  
  154  10:19  SCV x3  
  154  10:21  Refinery  
  160  10:22  Refinery  
  160  10:30  Viking x2  
  130  10:44  Marauder, Marine x2  
  130  10:47  SCV, Ghost  
  130  10:48  Barracks Reactor, Barracks Tech Lab  
  130  10:49  Barracks Tech Lab  
  136  10:51  Marine  
  136  10:52  Missile Turret  
  136  10:53  SCV  
  136  10:54  SCV  
  136  10:57  Command Center, Marine  
  139  10:58  Sensor Tower  
  139  11:00  Widow Mine  
  139  11:03  Medivac x2  
  129  11:15  Marine x2  
  129  11:16  Marauder  
  103  11:18  Marine x2  
  103  11:19  Marauder  
  101  11:28  Marine  
  101  11:29  Marauder  
  101  11:31  Marine x2  
Show
View Real Time Build Order
Export as new Build Order

DPGJieShi Protoss - Winner!

Build Orders: 1 Gate Expand, Blink Stalkers, Chargelot Immortal, Colossus Rush 

Get SALT Encoding   

  12  0:00  Probe  
  13  0:13  Probe  
  14  0:18  Pylon  
  14  0:25  Probe (Chrono Boost)  
  15  0:37  Gateway, Probe (Chrono Boost)  
  16  0:43  Probe (Chrono Boost)  
  16  0:46  Assimilator  
  17  0:52  Probe  
  19  1:04  Probe  
  19  1:16  Probe  
  20  1:24  Zealot, Cybernetics Core  
  22  1:37  Nexus  
  22  1:43  Pylon  
  22  1:46  Probe  
  23  1:51  Assimilator  
  23  2:00  Stalker (Chrono Boost)  
  23  2:01  Warp Gate  
  23  2:05  Probe  
  26  2:17  Probe  
  27  2:29  Probe  
  28  2:31  Twilight Council  
  28  2:34  Stalker (Chrono Boost)  
  28  2:41  Probe  
  28  2:42  Shield Battery  
  31  2:47  Shield Battery  
  31  2:49  Probe  
  30  2:53  Probe  
  30  2:58  Stalker (Chrono Boost)  
  31  3:03  Probe  
  31  3:04  Blink (Chrono Boost)  
  34  3:15  Probe  
  35  3:26  Probe  
  36  3:27  Probe  
  36  3:29  Gateway  
  37  3:35  Robotics Facility  
  37  3:38  Probe  
  37  3:39  Probe  
  39  3:50  Probe  
  39  3:51  Probe  
  39  3:52  Stalker  
  39  3:54  Pylon  
  43  4:02  Probe  
  44  4:03  Probe  
  44  4:09  Gateway  
  45  4:14  Probe  
  45  4:16  Probe  
  47  4:22  Nexus  
  47  4:24  Pylon  
  47  4:26  Observer  
  47  4:27  Probe  
  47  4:28  Probe  
  47  4:30  Assimilator  
  50  4:34  Assimilator  
  50  4:39  Robotics Bay  
  50  4:40  Probe  
  50  4:41  Probe  
  52  4:47  Stalker  
  52  4:49  Observer  
  52  4:50  Pylon  
  55  4:53  Probe x2  
  57  5:05  Probe x2  
  57  5:07  Charge, Forge  
  59  5:11  Observer  
  59  5:14  Observer  
  60  5:17  Probe  
  60  5:18  Probe  
  62  5:22  Gateway  
  62  5:33  Colossus (Chrono Boost)  
  62  5:34  Probe x2 (Chrono Boost)  
  64  5:38  Probe (Chrono Boost)  
  64  5:40  Photon Cannon  
  68  5:48  Probe (Chrono Boost)  
  68  5:49  Probe x2 (Chrono Boost)  
  70  5:52  Extended Thermal Lance  
  70  5:57  Protoss Ground Weapons Level 1, Probe x2  
  70  6:00  Pylon  
  70  6:02  Pylon  
  71  6:05  Probe  
  71  6:06  Pylon  
  73  6:17  Probe  
  74  6:18  Colossus (Chrono Boost)  
  74  6:19  Gateway  
  74  6:21  Sentry, Gateway  
  81  6:28  Gateway  
  81  6:29  Probe, Gateway  
  82  6:34  Photon Cannon  
  82  6:39  Photon Cannon  
  82  6:40  Sentry  
  82  6:42  Sentry  
  82  6:43  Stalker  
  82  6:45  Observer, Probe  
  89  6:53  Pylon  
  89  6:59  Colossus (Chrono Boost)  
  95  7:04  Nexus  
  95  7:12  Observer, Stalker x2  
  95  7:13  Zealot  
  101  7:17  Observer  
  101  7:26  Probe  
  101  7:27  Probe x2  
  104  7:30  Shield Battery, Photon Cannon  
  104  7:34  Pylon  
  104  7:36  Warp Prism (Chrono Boost)  
  104  7:37  Forge  
  104  7:43  Probe x3  
  109  7:44  Pylon  
  109  7:47  Photon Cannon  
  107  7:52  Pylon  
  107  7:55  Probe  
  108  7:59  Probe  
  108  8:00  Robotics Facility, Probe  
  108  8:04  Observer  
  110  8:07  Probe  
  110  8:10  Pylon  
  111  8:12  Stalker  
  111  8:13  Stalker x2  
  111  8:18  Stalker x3  
  122  8:21  Protoss Ground Weapons Level 2 (Chrono Boost), Pylon  
  122  8:22  Protoss Ground Armor Level 1 (Chrono Boost)  
  122  8:32  Immortal, Probe (Chrono Boost)  
  127  8:36  Observer  
  128  8:42  Probe (Chrono Boost)  
  128  8:47  Probe (Chrono Boost)  
  126  8:59  Zealot x3  
  126  9:00  Zealot x5  
  126  9:01  Immortal  
  146  9:11  Immortal (Chrono Boost), Probe  
  150  9:19  Pylon  
  150  9:24  Zealot  
  150  9:25  Zealot x6  
  150  9:26  Zealot  
  158  9:38  Immortal (Chrono Boost)  
  126  9:45  Zealot  
  126  9:46  Zealot x5  
  126  9:47  Zealot x2  
  126  9:52  Observer (Chrono Boost)  
  143  10:06  Zealot x3  
  143  10:07  Zealot x5  
  151  10:08  Observer  
  151  10:11  Warp Prism  
  162  10:30  Zealot x6  
  162  10:31  Zealot x2  
  178  10:36  Disruptor  
  139  10:51  Zealot x3  
  139  10:52  Zealot x5  
  155  11:00  Nexus  
  134  11:12  Zealot x3  
  134  11:13  Zealot x3  
  134  11:16  Stalker x2  
  99  11:34  Zealot x5  
  99  11:35  Zealot  
Tags
 
Add a new tag
Caveats
  • Supply blocks, unpowered buildings, or Contaminate may cause inaccurate times.
  • Supply counts are checked every 10 seconds.